 Dungeon Crawl Stone Soup version 0.31-a0-360-gb3e1d13bf4 (webtiles) character file.

Game seed: 9901193674619778059

4774 Shayle the Grappler (level 10, -8/76 HPs)
             Began as a Gnoll Shapeshifter on July 26, 2023.
             Was an Initiate of Ashenzari.
             Killed from afar by an oklob plant (28 damage)
             ... with a splash of acid
             ... on level 2 of the Lair of Beasts.
             The game lasted 00:24:51 (6880 turns).

Shayle the Grappler (Gnoll Shapeshifter)            Turns: 6880, Time: 00:25:00

Health: -8/76      AC:  9    Str: 16    XL:     10   Next: 47%
Magic:  18/18      EV: 18    Int: 11    God:    Ashenzari [......]
Gold:   162        SH:  7    Dex: 12    Spells: 15/19 levels left

rFire   + +          .
                       - Unarmed
rCold   + . .        C - +2 buckler
rNeg    + . .        b - +1 ring mail {rF+}
rPois   .            G - +0 helmet
rElec   .            f - scarf {rC+ rF+}
rCorr   .            g - +2 pair of gloves
SInv    .            A - +0 pair of boots
Will    .....        e - amulet of regeneration
Stlth   ++           j - ring of positive energy
HPRegen 1.12/turn    i - ring of Ashenzari's Irritation {EV+5, Melee, Fort} (curse)
MPRegen 0.16/turn

%: no passive effects
@: corroded
A: fangs 1, strong nose, distributed training
a: Renounce Religion, Curse Item, Shatter the Chains


You were on level 2 of the Lair of Beasts.
You worshipped Ashenzari.
Ashenzari was noncommittal.
You visited 3 branches of the dungeon, and saw 11 of its levels.

You collected 343 gold pieces.
You spent 181 gold pieces at shops.

Inventory:

Hand Weapons
 x - a +4 quarterstaff of chaos
 F - a +6 orcbow of flaming
Missiles
 l - 5 javelins (quivered)
 m - a throwing net
Armour
 b - a +1 ring mail of fire resistance (worn)
 f - a scarf of resistance (worn)
 g - a +2 pair of gloves (worn)
 r - a +3 ring mail
 v - a +0 kite shield
 y - a +2 cloak of stealth
 A - a +0 pair of boots (worn)
 C - a +2 buckler (worn)
 G - a +0 helmet (worn)
Jewellery
 e - an amulet of regeneration (around neck)
 i - the cursed ring of Ashenzari's Irritation (right hand) {EV+5, Melee, Fort}
   (You found it on level 4 of the Dungeon)

   [ring of evasion]

   EV:        It affects your evasion (+5).
   It has a curse which improves the following skills: Melee Combat: Short
   Blades, Long Blades, Axes, Maces & Flails, Polearms, Staves and Unarmed
   Combat.
   Fortitude: Armour and Shields.
 j - a ring of positive energy (left hand)
 p - a +6 ring of intelligence
 w - a ring of willpower
 B - an amulet of reflection
Talismans
 c - a beast talisman
Wands
 o - a wand of flame (43)
 t - a wand of acid (5)
Scrolls
 E - a scroll of identify
Potions
 d - a potion of lignification
 k - 2 potions of brilliance
 q - a potion of mutation {unknown}
 s - a potion of haste {unknown}
 u - a potion of curing
 D - 2 potions of berserk rage {unknown}


   Skills:
 + Level 6.0 Fighting
 + Level 5.4(5.8) Short Blades
 + Level 5.4(5.8) Long Blades
 + Level 5.4(5.8) Axes
 + Level 5.4(5.8) Maces & Flails
 + Level 5.4(5.8) Polearms
 + Level 5.4(5.8) Staves
 + Level 5.4 Ranged Weapons
 + Level 5.4 Throwing
 + Level 5.4(5.8) Armour
 + Level 7.2 Dodging
 + Level 5.4 Stealth
 + Level 5.4(5.8) Shields
 + Level 8.6(9.0) Unarmed Combat
 + Level 5.4 Spellcasting
 + Level 4.4 Conjurations
 + Level 4.4 Hexes
 + Level 4.4 Summonings
 + Level 4.4 Necromancy
 + Level 4.4 Translocations
 + Level 4.4 Transmutations
 + Level 4.4 Fire Magic
 + Level 4.4 Ice Magic
 + Level 4.4 Air Magic
 + Level 4.4 Earth Magic
 + Level 4.4 Poison Magic
 + Level 5.9 Invocations
 + Level 5.4 Evocations
 + Level 8.0 Shapeshifting


You had 15 spell levels left.
You knew the following spells:

 Your Spells              Type           Power      Damage    Failure   Level
a - Olgreb's Toxic Radia  Pois           12%        N/A       56%         4

Your spell library contained the following spells:

 Spells                   Type           Power      Damage    Failure   Level
 Anguish                  Hex/Necr       6%         N/A       56%         4
 Cause Fear               Hex            6%         N/A       56%         4
 Enfeeble                 Hex            6%         N/A       100%        7
 Discord                  Hex            6%         N/A       100%        8
 Ignition                 Fire           6%         3d4       100%        8


Dungeon Overview and Level Annotations

Branches:
Dungeon (8/15)             Temple (1/1) D:4            Lair (2/5) D:8
 Spider (0/4) Lair:2
  Swamp: Lair:2-3    Shoals: Lair:2-3

Altars:
Ashenzari
Cheibriados
Dithmenos
Elyvilon
Fedhas
Gozag
Hepliaklqana
Kikubaaqudgha
Makhleb
Nemelex Xobeh
Okawaru
Qazlal
Ru
Sif Muna
Trog
Uskayaw
Vehumet
Wu Jian
Xom
Yredelemnul
Zin
The Shining One

Shops:
D:1 [

Annotations:
D:4 2 transporters
Lair:2 exclusion: 2 oklob plants


Innate Abilities, Weirdness & Mutations

You have very sharp teeth.
Your uncanny sense of smell can sniff out nearby items.
Your experience applies equally to all skills.


Message History

The oklob plant is moderately damaged.
You hit the oklob plant.
The oklob plant is heavily damaged.
You hit the oklob plant.
The oklob plant is heavily damaged.
You hit the oklob plant but do no damage.
The oklob plant is heavily damaged.
The oklob plant spits acid at you. The splash of acid hits you.
The acid corrodes you!
You hit the oklob plant but do no damage.
The oklob plant is heavily damaged.
You hit the oklob plant.
The oklob plant is heavily damaged.
You hit the oklob plant but do no damage.
The oklob plant is heavily damaged.
You hit the oklob plant but do no damage.
The oklob plant is heavily damaged.
The oklob plant spits acid at you. The splash of acid hits you!!
The oklob plant spits acid at you. The splash of acid hits you!!
The acid corrodes you!
You punch the oklob plant!
The oklob plant is almost destroyed.
Unknown command.
You feel much better. The oklob plant spits acid at you.
The splash of acid hits you!!
As you read the scroll labelled HAQEHI URUY, it crumbles to dust.
You feel aware of your surroundings.
It was a scroll of revelation.
The oklob plant spits acid at you. The splash of acid hits you!!
* * * LOW HITPOINT WARNING * * *
You feel better.
Blink to where?
Press: ? - help, Dir - move target
As you read the scroll labelled ITETAO HYJUQYA, it crumbles to dust.
It was a scroll of blinking.
The oklob plant spits acid at you. The splash of acid hits you!!
You die...

**,,,,,,,,,* *,,,,,
**,*,,,,,,,** **,,^*
#####..........***** **>**
#####.........S,**,* ***
####♣.♣♣♣♣♣♣♣..,,,**
####.♣♣♣♣♣♣♣♣♣.,,**
#####♣♣♣$§P♣♣♣.,,,*
####♣♣♣§_$♣♣♣♣.,,,* ***
####♣♣♣P§@♣♣♣♣.,,,****,***
#####♣♣§♣..♣♣♣.,,**,,*,,*,
#####♣♣♣♣♣♣.♣♣.,,,,,,,,,,*
#####♣♣♣♣♣.♣.♣.,,,,,,,,,,,
#####♣♣.♣.♣.♣♣.,,,,,,,,,,,
#####♣.♣.♣♣♣♣♣.,,,,,,,,,,,
#####♣♣.♣..♣♣♣.,,,,,,,,,,,
######♣♣♣♣♣.♣..,,,,,,,,,,,
#######♣♣##....,,,,,,,,,,,


You could see 2 oklob plants.

Vanquished Creatures
  Pikel (D:6)
  Joseph (Lair:1)
  An unseen horror (D:7)
  Prince Ribbit (D:5)
  A basilisk (Lair:1)
  A steam dragon (D:8)
  Edmund (D:4)
  Menkaure (D:4)
  2 water moccasins
  An orc warrior (D:7)
  An ice beast (D:7)
  A black bear (D:6)
  A sky beast (D:7)
  An ogre (D:6)
  A centaur (D:7)
  A lemure (D:6)
  A phantom (D:6)
  A kobold brigand (D:7)
  3 bullfrogs (D:7)
  5 scorpions
  6 wights
  3 killer bees (D:7)
  A howler monkey (D:6)
  2 gnoll boudas
  3 jellies
  3 hounds
  4 orc priests
  2 sleepcaps
  7 iguanas
  Crazy Yiuf (D:5)
  Ijyb (D:4)
  Natasha (thrice) (D:2)
  6 orc wizards
  10 adders
  15 gnolls
  A white imp (D:7)
  2 ufetubi (D:5)
  A worm (D:2)
  3 dart slugs
  16 orcs
  5 ball pythons
  5 endoplasms
  2 giant cockroaches (D:2)
  6 goblins
  6 hobgoblins
  4 jackals (D:2)
  5 kobolds
  2 quokkas (D:3)
  4 bats
  2 frilled lizards
  4 rats
162 creatures vanquished.

Notes
Turn   | Place    | Note
-------+----------+-------------------------------------------
     0 | D:1      | Shayle the Gnoll Shapeshifter began the quest for the Orb.
     0 | D:1      | Reached XP level 1. HP: 17/17 MP: 1/1
    43 | D:1      | Found Xocy's Armour Emporium.
   141 | D:1      | Reached XP level 2. HP: 23/23 MP: 2/2
   745 | D:2      | Reached XP level 3. HP: 26/28 MP: 2/4
   797 | D:2      | Reached skill level 1 in Invocations
   835 | D:2      | Noticed Natasha
   847 | D:2      | Killed Natasha
   848 | D:2      | Reached skill level 1 in Short Blades
   848 | D:2      | Reached skill level 1 in Long Blades
   848 | D:2      | Reached skill level 1 in Axes
   848 | D:2      | Reached skill level 1 in Maces & Flails
   848 | D:2      | Reached skill level 1 in Polearms
   848 | D:2      | Reached skill level 1 in Staves
   848 | D:2      | Reached skill level 1 in Ranged Weapons
   848 | D:2      | Reached skill level 1 in Throwing
   848 | D:2      | Reached skill level 1 in Armour
   848 | D:2      | Reached skill level 1 in Stealth
   848 | D:2      | Reached skill level 1 in Shields
   848 | D:2      | Reached skill level 1 in Spellcasting
   848 | D:2      | Reached skill level 1 in Evocations
   848 | D:2      | Reached XP level 4. HP: 24/34 MP: 5/5
   884 | D:2      | Noticed Natasha
   896 | D:2      | Killed Natasha
   897 | D:2      | Reached skill level 1 in Conjurations
   897 | D:2      | Reached skill level 1 in Hexes
   897 | D:2      | Reached skill level 1 in Summonings
   897 | D:2      | Reached skill level 1 in Necromancy
   897 | D:2      | Reached skill level 1 in Translocations
   897 | D:2      | Reached skill level 1 in Transmutations
   897 | D:2      | Reached skill level 1 in Fire Magic
   897 | D:2      | Reached skill level 1 in Ice Magic
   897 | D:2      | Reached skill level 1 in Air Magic
   897 | D:2      | Reached skill level 1 in Earth Magic
   897 | D:2      | Reached skill level 1 in Poison Magic
  1023 | D:2      | Noticed Natasha
  1030 | D:2      | Killed Natasha
  1031 | D:2      | Reached XP level 5. HP: 38/40 MP: 5/7
  1910 | D:3      | Reached XP level 6. HP: 40/47 MP: 8/8
  2028 | D:3      | Reached skill level 5 in Dodging
  2061 | D:3      | Learned a level 4 spell: Olgreb's Toxic Radiance
  2360 | D:4      | Noticed Edmund
  2446 | D:4      | Killed Edmund
  2447 | D:4      | Reached XP level 7. HP: 52/52 MP: 10/10
  2504 | D:4      | Found a staircase to the Ecumenical Temple.
  2518 | D:4      | Noticed Menkaure
  2535 | D:4      | Killed Menkaure
  2541 | Temple   | Entered the Ecumenical Temple
  2551 | Temple   | Became a worshipper of Ashenzari the Shackled
  2575 | D:4      | Found a transporter.
  2629 | D:4      | Found a snail-covered altar of Cheibriados.
  2635 | D:4      | Found a bloodstained altar of Trog.
  2643 | D:4      | Found a transporter.
  2772 | D:4      | You fall into a shaft and drop 1 floor!
  2772 | D:5      | Entered Level 5 of the Dungeon
  2867 | D:4      | Noticed Ijyb
  2877 | D:4      | Killed Ijyb
  3650 | D:6      | Reached XP level 8. HP: 60/60 MP: 12/12
  4000 | D:5      | Reached XP level 9. HP: 64/66 MP: 14/14
  4011 | D:5      | Noticed Prince Ribbit
  4037 | D:5      | Killed Prince Ribbit
  4477 | D:5      | Found a runed translucent door.
  4478 | D:5      | Noticed Crazy Yiuf
  4484 | D:5      | Killed Crazy Yiuf
  4485 | D:5      | Reached skill level 5 in Fighting
  4746 | D:6      | Noticed Pikel
  4768 | D:6      | Killed Pikel
  4769 | D:6      | Reached skill level 5 in Invocations
  5684 | D:1      | Bought a +2 buckler for 181 gold pieces
  6030 | D:7      | Reached XP level 10. HP: 74/74 MP: 17/17
  6162 | D:7      | Reached skill level 5 in Short Blades
  6162 | D:7      | Reached skill level 5 in Long Blades
  6162 | D:7      | Reached skill level 5 in Axes
  6162 | D:7      | Reached skill level 5 in Maces & Flails
  6162 | D:7      | Reached skill level 5 in Polearms
  6162 | D:7      | Reached skill level 5 in Staves
  6162 | D:7      | Reached skill level 5 in Ranged Weapons
  6162 | D:7      | Reached skill level 5 in Throwing
  6162 | D:7      | Reached skill level 5 in Armour
  6162 | D:7      | Reached skill level 5 in Stealth
  6162 | D:7      | Reached skill level 5 in Shields
  6162 | D:7      | Reached skill level 5 in Spellcasting
  6162 | D:7      | Reached skill level 5 in Evocations
  6428 | D:7      | Killed an unseen horror
  6703 | D:8      | Found a staircase to the Lair.
  6708 | Lair:1   | Entered Level 1 of the Lair of Beasts
  6766 | Lair:1   | Noticed Joseph
  6792 | Lair:1   | Killed Joseph
  6860 | Lair:1   | You fall into a shaft and drop 1 floor!
  6860 | Lair:2   | Noticed an oklob plant
  6860 | Lair:2   | Noticed an oklob plant
  6860 | Lair:2   | Found a blossoming altar of Fedhas.
  6880 | Lair:2   | Killed from afar by an oklob plant

Illustrated notes

Levels and vault maps discovered:
D:1:      lightli_arrival_maybe_door_vault, layout_basic, serial_shops, shop,
          minmay_misc_feat_alley
D:2:      layout_basic, hex_intersection, uniq_natasha
D:3:      layout_basic, kennysheep_generic_room_4
D:4:      gammafunk_steamed_eel, layout_layer_cave,
          mainiacjoe_overflow_large_starburst, minmay_temple_entry_arrows,
          uniq_ijyb, uniq_edmund, uniq_menkaure
D:5:      layout_loops_ring, uniq_crazy_yiuf_cottage, uniq_prince_ribbit1
D:6:      layout_gridville, uniq_pikel
D:7:      minmay_clustersquares, layout_basic
D:8:      layout_basic, lair_entry_dummy
Temple:   nicolae_temple_bog_church
Lair:1:   layout_regular_city, basic_altar, uniq_joseph
Lair:2:   layout_cave_shapes, hellmonk_spider_entry_life_and_decay,
          hangedman_tree_tricks, gammafunk_lair_bear_cave

Skill      XL: |  1  2  3  4  5  6  7  8  9 10 |
---------------+-------------------------------+-----
Invocations    | 1 2 3 4 5 |  5.9
Short Blades   | 1 2 3 4 5 |  5.4
Long Blades    | 1 2 3 4 5 |  5.4
Axes           | 1 2 3 4 5 |  5.4
Maces & Flails | 1 2 3 4 5 |  5.4
Polearms       | 1 2 3 4 5 |  5.4
Staves         | 1 2 3 4 5 |  5.4
Ranged Weapons | 1 2 3 4 5 |  5.4
Throwing       | 1 2 3 4 5 |  5.4
Armour         | 1 2 3 4 5 |  5.4
Stealth        | 1 2 3 4 5 |  5.4
Shields        | 1 2 3 4 5 |  5.4
Spellcasting   | 1 2 3 4 5 |  5.4
Evocations     | 1 2 3 4 5 |  5.4
Conjurations   | 1 2 3 4 |  4.4
Hexes          | 1 2 3 4 |  4.4
Summonings     | 1 2 3 4 |  4.4
Necromancy     | 1 2 3 4 |  4.4
Translocations | 1 2 3 4 |  4.4
Transmutations | 1 2 3 4 |  4.4
Fire Magic     | 1 2 3 4 |  4.4
Ice Magic      | 1 2 3 4 |  4.4
Air Magic      | 1 2 3 4 |  4.4
Earth Magic    | 1 2 3 4 |  4.4
Poison Magic   | 1 2 3 4 |  4.4
Fighting       | 3 4 5 6 |  6.0
Dodging        | 5 6 7 |  7.2
Unarmed Combat | 7 8 |  8.6
Shapeshifting  | 7 8 |  8.0

Action                     |  1- 3 |  4- 6 |  7- 9 | 10-12 || total
---------------------------+-------+-------+-------+-------++-------
  Melee: Unarmed           |    45 |   113 |   272 |   191 ||   621
         Punch             |     1 |     3 |    13 |       ||    17
         Bite              |       |     6 |    34 |    16 ||    56
  Throw: Javelin           |       |       |     5 |       ||     5
         Throwing net      |       |       |     1 |       ||     1
 Invoke: Curse Item        |       |       |     1 |       ||     1
Ability: Begin Untransform |       |       |     1 |       ||     1
  Evoke: Wand              |       |     3 |     6 |       ||     9
    Use: Scroll            |       |     8 |     5 |     3 ||    16
         Potion            |       |     2 |     2 |     2 ||     6
   Stab: Sleeping          |     1 |     1 |     1 |     1 ||     4
         Distracted        |       |       |     1 |       ||     1
 Armour: Animal skin       |     5 |       |       |       ||     5
         Ring mail         |    11 |    31 |    42 |    56 ||   140
         Skin              |       |     3 |       |       ||     3
  Dodge: Dodged            |    33 |    61 |   212 |    82 ||   388
  Block: Buckler           |       |       |     5 |    51 ||    56

Table legend: (Time is in decaauts)
 A = Elapsed time spent in this place.
 B = Non-inter-level travel time spent in this place.
 C = Inter-level travel time spent in this place.
 D = Time resting spent in this place.
 E = Time spent auto-exploring this place.
 F = Levels seen in this place.
 G = Mean time per level.
                   A        B        C        D        E       F      G
               +--------+--------+--------+--------+--------+-----+--------+
         Total |   6814 |   5991 |    823 |    433 |   3708 |  11 |  619.5 |
       Dungeon |   6627 |   5814 |    813 |    388 |   3660 |   8 |  828.4 |
        Temple |     20 |     10 |     10 |      0 |      0 |   1 |   20.0 |
          Lair |    166 |    166 |      0 |     45 |     48 |   2 |   83.0 |
               +--------+--------+--------+--------+--------+-----+--------+

Top non-repeatable levels by time:
     D:7: 1086 daAuts
     D:3: 1082 daAuts
     D:5: 1003 daAuts
     D:2: 989 daAuts
     D:6: 808 daAuts
     D:4: 807 daAuts
     D:1: 723 daAuts
  Lair:1: 147 daAuts
     D:8: 125 daAuts
  Temple: 20 daAuts
  Lair:2: 18 daAuts
